 Dungeon Crawl Stone Soup version 0.30-a0-652-gcc886f7154 (webtiles) character file.

Game seed: 11022949330845576142

165672 Newt the Markskobold (level 18, 0/111 HPs)
             Began as a Kobold Hunter on Jan 17, 2023.
             Was an Initiate of Gozag.
             Slain by a kraken (29 damage)
             ... on level 1 of the Shoals.
             The game lasted 00:55:12 (33480 turns).

Newt the Markskobold (Kobold Hunter)               Turns: 33480, Time: 00:55:13

Health: 0/111      AC: 13    Str: 12      XL:     18   Next: 21%
Magic:  0/35       EV: 34    Int: 10      God:    Gozag
Gold:   1003       SH:  0    Dex: 23 (26) Spells: 23/43 levels left

rFire   + . .      SeeInvis .    t - +6 shortbow (elec)
rCold   . . .      Faith    .    (shield currently unavailable)
rNeg    . . .      Spirit   +    C - +2 robe {Will+}
rPois   .          Reflect  .    N - +2 hat
rElec   .          Harm     .    i - +2 cloak
rCorr   .          Rampage  .    D - +2 pair of gloves {Str+3}
Will    ++...                    B - +0 pair of boots {Fly}
Stlth   ++++                     Z - amulet of guardian spirit
HPRegen 1.18/turn                V - +8 ring of slaying
MPRegen 0.24/turn                U - +7 ring of evasion

@: flying
A: small, no large weapons, nightstalker 3, antennae 1, deterioration 1, fire
resistance 1, regeneration 1
}: 1/15 runes: serpentine
a: Renounce Religion, Potion Petition, Call Merchant, Bribe Branch


You were on level 1 of the Shoals.
You worshipped Gozag.
Gozag was most pleased with you.
You visited 6 branches of the dungeon, and saw 24 of its levels.
You visited 1 bazaar.
You also visited: Ossuary, Bailey, Ice Cave and Volcano.

You collected 11293 gold pieces.
You spent 8781 gold pieces at shops.
You paid 1509 gold pieces to Gozag.

Inventory:

Hand Weapons
 a - a +6 shortbow of draining
 t - a +6 shortbow of electrocution (weapon)
Armour
 i - a +2 cloak (worn)
 l - the +1 leather armour "Rextef" {rElec rPois Int+4}
   (You found it on level 2 of the Lair of Beasts)

   Int:       It affects your intelligence (+4).
   rElec:     It insulates you from electricity.
   rPois:     It protects you from poison.
 m - the +0 buckler of the Slightly Bent {rF++ Slay+6}
   (You acquired it in a bazaar)

   Slay:      It affects your accuracy & damage with ranged weapons and melee
   (+6).
   rF:        It greatly protects you from fire.
 p - a +2 leather armour of fire resistance
 B - a +0 pair of boots of flying (worn)
 C - a +2 robe of willpower (worn)
 D - a +2 pair of gloves of strength (worn)
 N - a +2 hat (worn)
Jewellery
 r - a ring of wizardry
 U - a +7 ring of evasion (right hand)
 V - a +8 ring of slaying (left hand)
 Z - an amulet of guardian spirit (around neck)
Wands
 o - a wand of roots (10)
 E - a wand of charming (14)
 G - a wand of digging (7)
 J - a wand of polymorph (22)
 Q - a wand of flame (21)
 R - a wand of mindburst (9)
Scrolls
 c - 8 scrolls of identify
 s - 8 scrolls of fear
 v - 6 scrolls of enchant armour
 x - 3 scrolls of amnesia
 y - 2 scrolls of magic mapping
 z - 9 scrolls of teleportation
 A - 6 scrolls of poison
 M - a scroll of brand weapon
 O - a scroll of silence
 S - 3 scrolls of summoning
 T - a scroll of blinking
 W - 2 scrolls of enchant weapon
Potions
 b - 3 potions of attraction
 d - 4 potions of haste
 e - 4 potions of invisibility
 f - 11 potions of curing
 g - 3 potions of might
 h - 2 potions of berserk rage
 j - 4 potions of mutation
 k - 5 potions of flight
 n - a potion of brilliance
 q - 7 potions of heal wounds
 u - 4 potions of ambrosia
 w - 4 potions of cancellation
 I - 3 potions of resistance
 K - 4 potions of magic
 Y - 6 potions of lignification
Miscellaneous
 F - a box of beasts
 H - a piece from Xom's chessboard (15/15)
 L - a piece from Xom's chessboard (15/15)
 P - a lightning rod (4/4)
 X - a phantom mirror


   Skills:
 + Level 11.7 Fighting
 - Level 16.0 Ranged Weapons
 - Level 14.0 Dodging
 - Level 5.0 Stealth
 - Level 13.0 Spellcasting
 - Level 13.0 Hexes
 - Level 15.0 Ice Magic
 - Level 10.0 Evocations


You had 23 spell levels left.
You knew the following spells:

 Your Spells              Type           Power      Damage    Failure   Level
a - Frozen Ramparts       Ice            72%        1d11      1%          3
b - Hailstorm             Conj/Ice       21%        3d6       1%          3
c - Ozocubu's Armour      Ice            36%        N/A       1%          3
d - Metabolic Englaciati  Hex/Ice        17%        N/A       1%          5
e - Summon Guardian Gole  Hex/Summ       19%        N/A       1%          3
f - Portal Projectile     Hex/Tloc       38%        N/A       1%          3

Your spell library contained the following spells:

 Spells                   Type           Power      Damage    Failure   Level
 Freeze                   Ice            100%       1d10      1%          1
 Slow                     Hex            100%       N/A       1%          1
 Confusing Touch          Hex            32%        N/A       1%          3
 Inner Flame              Hex/Fire       19%        N/A       1%          3
 Ice Form                 Ice/Tmut       21%        N/A       4%          4
 Anguish                  Hex/Necr       9%         N/A       7%          4
 Leda's Liquefaction      Hex/Erth       9%         N/A       7%          4
 Necrotise                Necr           24%        1d5       10%         1
 Shock                    Conj/Air       24%        1d4       10%         1
 Summon Small Mammal      Summ           24%        N/A       10%         1
 Blink                    Tloc           12%        N/A       16%         2
 Cigotuvi's Dreadful Rot  Necr/Pois/Air  12%        N/A       16%         2
 Lesser Beckoning         Tloc           12%        N/A       16%         2
 Poisonous Vapours        Pois/Air       12%        N/A       16%         2
 Summon Mana Viper        Hex/Summ       19%        N/A       19%         5
 Ozocubu's Refrigeration  Ice            18%        4d11      19%         7
 Call Canine Familiar     Summ           6%         N/A       30%         3
 Gell's Gravitas          Tloc           6%         N/A       30%         3
 Mephitic Cloud           Conj/Pois/Air  6%         N/A       30%         3
 Swiftness                Air            6%         N/A       30%         3
 Teleport Other           Tloc           6%         N/A       30%         3
 Vampiric Draining        Necr           6%         2d6       30%         3
 Freezing Cloud           Conj/Ice/Air   8%         6-21      34%         5
 Enfeeble                 Hex            16%        N/A       38%         7
 Airstrike                Air            3%         2d(1-17)  69%         4
 Flame Wave               Conj/Fire      6%         2d5       69%         4
 Manifold Assault         Tloc           6%         N/A       69%         4
 Olgreb's Toxic Radiance  Pois           6%         N/A       69%         4
 Sticky Flame             Conj/Fire      6%         2d3       69%         4
 Agony                    Necr           6%         N/A       95%         5
 Summon Forest            Summ/Tloc      3%         N/A       95%         5
 Summon Cactus Giant      Summ           3%         N/A       100%        6
 Storm Form               Tmut/Air       3%         N/A       100%        7
 Ignition                 Fire           3%         3d4       100%        8
 Simulacrum               Ice/Necr       Unusable   N/A       N/A         6

Dungeon Overview and Level Annotations

Branches:
Dungeon (11/15)            Temple (1/1) D:7            Lair (5/5) D:11
 Shoals (1/4) Lair:2        Snake (4/4) Lair:2        Slime (0/5) Lair:4
    Orc (2/2) D:9             Elf (0/3) Orc:2       Ossuary (visited)
 Bailey (visited)           IceCv (visited)         Volcano (visited)

Altars:
Ashenzari
Cheibriados
Dithmenos
Elyvilon
Fedhas
Gozag
Hepliaklqana
Kikubaaqudgha
Makhleb
Nemelex Xobeh
Okawaru
Qazlal
Ru
Sif Muna
Trog
Uskayaw
Vehumet
Wu Jian
Xom
Yredelemnul
Zin
The Shining One
Jiyva

Shops:
D:1 =   D:3 *   D:7 !   Orc:2 ?(=?   Snake:1 (?   Snake:2 **   Snake:3 :[!:

Annotations:
Shoals:1 1 runed translucent door


Innate Abilities, Weirdness & Mutations

You are small and have problems with some larger weapons.
You are completely attuned to the shadows.
You have a pair of small antennae on your head.
Your body sometimes deteriorates upon taking damage.
Your flesh is heat resistant. (rF+)
Your natural rate of healing is unusually fast.


Message History

Fire: t) +6 shortbow (elec)
Press: ? - help, Q - select action, (/) - cycle Shift-Dir - straight line, f/p - kraken
Aim: a kraken (ink, water, severely wounded, slow, 98% to hit)
You shoot an arrow.
The arrow hits the kraken but does no damage.
The kraken is severely wounded.
The kraken misses you.
Fire: t) +6 shortbow (elec)
Press: ? - help, Q - select action, (/) - cycle Shift-Dir - straight line, f/p - kraken
Aim: a kraken (ink, water, severely wounded, slow, 98% to hit)
You shoot an arrow.
The arrow hits the kraken but does no damage.
Lightning courses through the kraken!!
The kraken is almost dead.
Fire: t) +6 shortbow (elec)
Press: ? - help, Q - select action, (/) - cycle Shift-Dir - straight line, f/p - kraken
Aim: a kraken (ink, water, almost dead, slow, 98% to hit)
You shoot an arrow. The arrow hits the kraken!!
The kraken is almost dead.
The kraken is no longer moving slowly.
The kraken bites you!!
Fire: t) +6 shortbow (elec)
Press: ? - help, Q - select action, (/) - cycle Shift-Dir - straight line, f/p - kraken
Aim: a kraken (ink, water, almost dead, 98% to hit)
You shoot an arrow. The arrow hits the kraken!
The kraken is almost dead.
The kraken bites you!!
* * * LOW HITPOINT WARNING * * *
Your body deteriorates!
You feel clumsy.
Fire: t) +6 shortbow (elec)
Press: ? - help, Q - select action, (/) - cycle Shift-Dir - straight line, f/p - kraken
Aim: a kraken (ink, water, almost dead, 98% to hit)
Okay, then.
The kraken bites you!
* * * LOW HITPOINT WARNING * * *
The kraken attacks as you move away! The kraken completely misses you.
The kraken attacks as you move away! The kraken barely misses you.
The kraken completely misses you. The kraken attacks as you move away!
The kraken bites you!!
You die...
Your body crumbles into a pile of gold.

.≈.#..........~~~≈≈≈≈## "{###≈≈≈
≈≈~...........~~~~≈≈≈≈#$$$${#≈≈≈≈
≈≈~~≈~........~~~~≈≈≈≈#$$mmm+≈≈≈≈
≈≈~~~~~.......~~~~~≈≈≈# $$~m#≈≈≈≈
###.##~.......~~~≈≈≈§## $ $###≈≈≈
~#######.....~~≈~≈≈≈≈§#######≈≈≈≈
~.....~~####.~~≈≈≈≈≈≈§§#≈≈≈#≈≈≈≈≈
......~~~###~~~~≈X≈§§§§≈≈≈≈≈≈≈≈≈≈
..~~~~~~~~##~~~~@~≈≈§§§≈≈≈≈≈≈≈≈≈≈
.####~#~~~##~~~~~~~§§§§≈≈≈≈≈≈≈≈≈≈
~.###...~~~~##~~~..~§§§≈≈≈≈≈≈≈≈≈≈
#..~~~~#~~~.##~~~.~§~§~~≈≈≈≈≈≈≈≈≈
#...#####~..#~~~~~~~~§≈≈≈≈≈≈≈≈≈≈≈
...## #...#~~...~~~~~≈≈≈≈≈≈≈≈≈≈
#...##. #...##.###....~~≈≈≈≈≈≈
#......##...#####...~..~~≈≈≈≈≈
#......#~~~~##.....~...~~≈≈≈≈≈


You could see a kraken.

Vanquished Creatures
  Vashnia (Snake:3)
  2 quicksilver dragons (Snake:4)
  Gastronok (Orc:1)
  A kraken (Shoals:1)
  Agnes (Snake:3)
  Kirke (Shoals:1)
  5 nagarajas
  Aizul (Snake:3)
  A merfolk impaler (Shoals:1)
  A merfolk javelineer (Shoals:1)
  Fannar (Lair:1)
  An ice dragon (Lair:5)
  3 catoblepae (Lair:5)
  3 salamander tyrants (Snake:4)
  3 hydras
  2 ogre magi (Orc:2)
  A centaur warrior (D:11)
  2 boulder beetles (D:11)
  5 anacondas
  6 death yaks (Lair:5)
  6 two-headed ogres
  8 naga warriors
  4 shock serpents
  19 naga sharpshooters
  The ghost of Dittersdorf the Protected, a novice GrFi of Okawaru (D:8)
  Nergalle (Orc:2)
  A sun demon (Volcano)
  3 salamander mystics
  5 sea snakes
  2 skeletal warriors (D:11)
  2 bog bodies (IceCv)
  2 orc knights
  4 naga ritualists
  A harpy (shapeshifter) (D:11)
  9 orc sorcerers
  8 mana vipers
  A wolf spider (D:11)
  3 oklob plants (Lair:4)
  6 fauns (Shoals:1)
  3 ugly things
  2 cyclopes
  7 manticores
  16 salamanders
  38 black mambas
  2 guardian serpents (Snake:4)
  Joseph (D:7)
  2 merfolk sirens (Shoals:1)
  16 cane toads
  11 elephants
  An ice statue (IceCv)
  A gargoyle (D:11)
  A molten gargoyle (Volcano)
  15 naga magi
  A freezing wraith (D:11)
  3 rime drakes
  15 komodo dragons
  2 ice devils (IceCv)
  2 merfolk (Shoals:1)
  A red devil (Volcano)
  8 trolls
  2 hornets
  Grinder (D:5)
  2 wind drakes
  Prince Ribbit (D:8)
  5 polar bears
  9 dream sheep
  3 blink frogs (Lair:1)
  2 spriggans
  4 shadows
  2 centaur simulacra (D:11)
  2 slime creatures (D:11)
  2 vampires (D:11)
  Sigmund (D:3)
  46 yaks
  5 wyverns
  2 hogs (Shoals:1)
  3 basilisks
  6 fire bats (Volcano)
  2 wraiths
  A death yak simulacrum (IceCv)
  Grum (D:11)
  A steam dragon (D:8)
  3 wargs (Orc:2)
  8 vampire mosquitoes
  A harpy simulacrum (IceCv)
  30 nagas
  2 hydra simulacra (IceCv)
  13 water moccasins
  2 hell hounds (Volcano)
  4 ice beasts
  20 orc warriors
  8 black bears
  2 sky beasts
  3 centaurs
  6 ogres
  11 wolves
  A phantom (D:5)
  7 kobold brigands
  17 bullfrogs
  7 gnoll sergeants
  A necrophage (D:5)
  2 cane toad simulacra (IceCv)
  A scorpion (D:7)
  3 two-headed ogre simulacra (IceCv)
  15 wights
  3 elephant simulacra (IceCv)
  5 killer bees
  An electric eel (D:9)
  3 howler monkeys
  6 lava snakes (Volcano)
  2 hounds (D:5)
  5 jellies
  12 orc priests
  Crazy Yiuf (D:5)
  4 iguanas (D:5)
  26 orc wizards
  A polar bear simulacrum (IceCv)
  3 spriggan simulacra (IceCv)
  7 troll simulacra (IceCv)
  A wolf simulacrum (IceCv)
  2 mummies
  28 gnolls
  9 adders
  6 naga simulacra (IceCv)
  4 white imps (IceCv)
  9 ufetubi
  3 worms
  3 dart slugs
  56 orcs
  A spectral bat (Ossuary)
  6 endoplasms
  3 giant cockroaches
  12 gnoll zombies (Ossuary)
  12 goblins
  7 hobgoblins
  5 quokkas
  2 ball pythons (D:2)
  5 bats
  A bat simulacrum (Ossuary)
  6 frilled lizards
  3 goblin simulacra (Ossuary)
  4 goblin zombies (Ossuary)
  3 hobgoblin zombies (Ossuary)
  23 kobolds
  2 kobold simulacra (Ossuary)
  4 kobold zombies (Ossuary)
  9 orc zombies
  6 rats
  4 rat simulacra (Ossuary)
  2 spectral goblins (Ossuary)
  4 spectral kobolds (Ossuary)
  3 spectral rats (Ossuary)
873 creatures vanquished.

Vanquished Creatures (others)
  A polar bear (Lair:5)
  2 humans (Shoals:1)
  2 nagas (Snake:4)
  An orc (Orc:1)
  11 fungi
  51 plants
  13 tentacles (Shoals:1)
81 creatures vanquished.

Grand Total: 954 creatures vanquished

Notes
Turn   | Place    | Note
-------+----------+-------------------------------------------
     0 | D:1      | Newt the Kobold Hunter began the quest for the Orb.
     0 | D:1      | Reached XP level 1. HP: 12/12 MP: 1/1
    67 | D:1      | Reached XP level 2. HP: 10/17 MP: 2/2
   255 | D:1      | Reached XP level 3. HP: 22/22 MP: 3/3
   345 | D:1      | Found Osuahur's One-of-a-Kind Rings.
   759 | D:2      | Reached XP level 4. HP: 25/29 MP: 4/4
  1558 | D:3      | Found Lyuhimaf's General Store.
  1610 | D:3      | Reached skill level 6 in Ranged Weapons
  1615 | D:3      | Reached XP level 5. HP: 19/33 MP: 5/5
  1826 | D:3      | Found a basalt altar of Yredelemnul.
  1859 | D:3      | Noticed Sigmund
  1995 | D:3      | Killed Sigmund
  1996 | D:3      | Reached skill level 8 in Ranged Weapons
  1996 | D:3      | Reached XP level 6. HP: 22/38 MP: 6/6
  2302 | D:3      | Found an ancient bone altar of Kikubaaqudgha.
  2538 | D:3      | Found a glowing silver altar of Zin.
  2690 | D:4      | Found a snail-covered altar of Cheibriados.
  2735 | D:4      | Noticed a black bear
  2745 | D:4      | Killed a black bear
  2746 | D:4      | Reached XP level 7. HP: 27/43 MP: 7/7
  3525 | D:4      | Found a blossoming altar of Fedhas.
  3612 | D:5      | Entered Level 5 of the Dungeon
  3612 | D:5      | Noticed a water moccasin
  3626 | D:4      | Killed a water moccasin
  3627 | D:4      | Reached skill level 5 in Dodging
  3922 | D:5      | Reached skill level 5 in Fighting
  3922 | D:5      | Reached XP level 8. HP: 46/50 MP: 8/8
  4378 | D:5      | Reached skill level 9 in Ranged Weapons
  4387 | D:5      | You fall into a shaft and drop 3 floors!
  4464 | D:8      | Found a sand-covered staircase.
  4470 | Ossuary  | Entered an ossuary
  4531 | Ossuary  | Reached skill level 10 in Ranged Weapons
  4869 | D:7      | Noticed Joseph
  4882 | D:7      | Reached skill level 5 in Stealth
  4884 | D:7      | Killed Joseph
  4885 | D:7      | Reached XP level 9. HP: 59/59 MP: 9/9
  4890 | D:7      | Found a staircase to the Ecumenical Temple.
  4896 | Temple   | Entered the Ecumenical Temple
  5179 | Temple   | Became a worshipper of Gozag Ym Sagoz the Greedy
  5237 | D:7      | Found a flagged portal.
  5271 | Bailey   | Entered a bailey
  5682 | Bailey   | Reached skill level 11 in Ranged Weapons
  5727 | Bailey   | Reached skill level 12 in Ranged Weapons
  6014 | D:7      | Found an ornate altar of the Wu Jian Council.
  6317 | D:6      | Reached skill level 13 in Ranged Weapons
  6327 | D:6      | Reached XP level 10. HP: 64/64 MP: 10/10
  6452 | D:6      | Reached skill level 14 in Ranged Weapons
  6570 | D:6      | Reached skill level 1 in Spellcasting
  7262 | D:5      | Noticed Grinder
  7265 | D:5      | Paralysed by Grinder for 5 turns
  7272 | D:5      | Killed Grinder
  7430 | D:5      | Reached skill level 5 in Spellcasting
  7830 | D:5      | Found a runed translucent door.
  7833 | D:5      | Noticed Crazy Yiuf
  7836 | D:5      | Killed Crazy Yiuf
  8029 | D:7      | Reached skill level 1 in Ice Magic
  8054 | D:7      | Found a stormy altar of Qazlal.
  8127 | D:7      | Found Moerigg's Distillery.
  8142 | D:7      | Found a hide-covered altar of Uskayaw.
  8708 | D:7      | Reached XP level 11. HP: 66/67 MP: 20/20
  8727 | D:8      | Reached skill level 5 in Ice Magic
  8735 | D:8      | Learned a level 3 spell: Frozen Ramparts
  8798 | D:8      | Found a sparkling altar of Nemelex Xobeh.
  8945 | D:8      | Found a runed translucent door.
  9166 | D:8      | Noticed Prince Ribbit
  9169 | D:8      | Killed Prince Ribbit
  9238 | D:8      | Found a shimmering blue altar of Sif Muna.
  9248 | D:8      | Found a burning altar of Makhleb.
  9396 | D:8      | Noticed Dittersdorf's ghost (novice GrFi)
  9413 | D:8      | Killed Dittersdorf's ghost
  9494 | D:9      | Found a radiant altar of Vehumet.
  9584 | D:9      | Reached skill level 10 in Fighting
  9676 | D:9      | Paralysed by a hornet for 3 turns
 10506 | D:9      | Found a white marble altar of Elyvilon.
 10556 | D:9      | Found a staircase to the Orcish Mines.
 10583 | D:9      | Reached skill level 15 in Ranged Weapons
 10778 | D:10     | Entered Level 10 of the Dungeon
 10994 | D:10     | Reached skill level 16 in Ranged Weapons
 10999 | D:10     | Reached skill level 1 in Evocations
 11154 | D:10     | Reached XP level 12. HP: 64/77 MP: 21/21
 11233 | D:10     | Noticed a two-headed ogre
 11244 | D:10     | Killed a two-headed ogre
 11245 | D:10     | Reached skill level 5 in Evocations
 11271 | D:10     | Found a broken altar of Ashenzari.
 11373 | D:10     | Found a glowing golden altar of the Shining One.
 11422 | D:10     | Found a shadowy altar of Dithmenos.
 12294 | D:11     | Noticed a boulder beetle
 12333 | D:11     | Killed a boulder beetle
 12435 | D:11     | Noticed a two-headed ogre
 12435 | D:11     | Noticed a skeletal warrior
 12456 | D:11     | Killed a two-headed ogre
 12463 | D:11     | Noticed a two-headed ogre
 12465 | D:11     | Killed a skeletal warrior
 12471 | D:11     | Killed a two-headed ogre
 12487 | D:11     | Noticed a six-headed hydra
 12492 | D:11     | Noticed a boulder beetle
 12494 | D:11     | Killed a six-headed hydra
 12494 | D:11     | Noticed a centaur warrior
 12495 | D:11     | Reached skill level 10 in Dodging
 12729 | D:11     | Noticed Grum
 12744 | D:11     | Killed Grum
 12802 | D:11     | Noticed a six-headed hydra
 13417 | D:11     | Noticed a two-headed ogre
 13420 | D:11     | Killed a two-headed ogre
 13492 | D:11     | Reached XP level 13. HP: 82/82 MP: 22/22
 13570 | D:11     | Killed a centaur warrior
 13876 | D:11     | Reached skill level 10 in Ice Magic
 13880 | D:11     | Learned a level 3 spell: Hailstorm
 14019 | D:11     | Found the +2 cloak of the Thief {*Fog Slay-2 SInv Stlth+}
 14155 | D:11     | Killed a six-headed hydra
 14223 | D:11     | Found a staircase to the Lair.
 15160 | D:1      | Bought a +7 ring of evasion for 792 gold pieces
 15160 | D:1      | Bought a +8 ring of slaying for 2400 gold pieces
 15418 | Lair:1   | Entered Level 1 of the Lair of Beasts
 15663 | Lair:1   | Noticed Fannar
 15675 | Lair:1   | Killed Fannar
 15683 | Lair:1   | Learned a level 3 spell: Ozocubu's Armour
 16462 | Lair:2   | Found a staircase to the Snake Pit.
 16620 | Lair:2   | Found a staircase to the Shoals.
 16736 | Lair:2   | Reached XP level 14. HP: 88/88 MP: 23/23
 16753 | Lair:2   | Reached skill level 1 in Hexes
 16918 | Lair:2   | Identified the +1 leather armour "Rextef" {rElec rPois
                  | Int+4}
 17379 | Lair:3   | Reached skill level 5 in Hexes
 18547 | Lair:3   | Gained mutation: You have a pair of small antennae on your
                  | head. [potion of mutation]
 18547 | Lair:3   | Gained mutation: Your natural rate of healing is unusually
                  | fast. [potion of mutation]
 18547 | Lair:3   | Gained mutation: Your body sometimes deteriorates upon
                  | taking damage. [potion of mutation]
 18547 | Lair:3   | Gained mutation: Your flesh is heat resistant. (rF+)
                  | [potion of mutation]
 18610 | Lair:4   | Found a dark tunnel.
 18619 | Volcano  | Entered a volcano
 18821 | Volcano  | Found a bloodstained altar of Trog.
 18877 | Volcano  | Paralysed by an orc sorcerer for 3 turns
 19069 | Lair:4   | Found a viscous altar of Jiyva.
 19245 | Lair:4   | Found a staircase to the Slime Pits.
 20023 | Lair:5   | Entered Level 5 of the Lair of Beasts
 20080 | Lair:5   | Reached XP level 15. HP: 92/92 MP: 26/26
 20116 | Lair:5   | Found a frozen archway.
 20160 | IceCv    | Entered an ice cave
 20506 | IceCv    | Got Jamezyc's Octavo of the Glacier
 20507 | IceCv    | Identified the ring of the Magpie {Int+6 Dex-5 Slay+5}
 22566 | Orc:1    | Entered Level 1 of the Orcish Mines
 22605 | Orc:1    | Noticed Gastronok
 22625 | Orc:1    | Killed Gastronok
 23117 | Orc:2    | Entered Level 2 of the Orcish Mines
 23342 | Orc:2    | Found a staircase to the Elven Halls.
 23479 | Orc:2    | Found Zeokhlo's Magic Scroll Boutique.
 23486 | Orc:2    | Bought a scroll of fear for 56 gold pieces
 23486 | Orc:2    | Bought a scroll of teleportation for 42 gold pieces
 23486 | Orc:2    | Bought a scroll of teleportation for 42 gold pieces
 23508 | Orc:2    | Found a radiant altar of Vehumet.
 23514 | Orc:2    | Reached skill level 10 in Hexes
 23520 | Orc:2    | Reached skill level 10 in Spellcasting
 23543 | Orc:2    | Found Masibeu's Antique Weapon Shop.
 23572 | Orc:2    | Noticed Nergalle
 23592 | Orc:2    | Killed Nergalle
 23628 | Orc:2    | Found an ancient bone altar of Kikubaaqudgha.
 23708 | Orc:2    | Found Uvoorphis's Magic Scroll Shop.
 23713 | Orc:2    | Bought a scroll of brand weapon for 133 gold pieces
 23713 | Orc:2    | Bought a scroll of summoning for 133 gold pieces
 24104 | Orc:2    | Reached XP level 16. HP: 96/97 MP: 30/30
 24107 | Orc:2    | Found Kuosyhel's Jewellery Shop.
 24358 | Snake:1  | Entered Level 1 of the Snake Pit
 24365 | Snake:1  | Learned a level 5 spell: Metabolic Englaciation
 25639 | Snake:2  | Found Xyfaq's Gadget Gallery.
 25651 | Snake:2  | Bought a box of beasts for 720 gold pieces
 25993 | Snake:2  | Found Saweun's Assorted Antiques.
 26567 | Snake:2  | Noticed a nagaraja
 26579 | Snake:2  | Killed a nagaraja
 27246 | Snake:1  | Bought a scroll of blinking for 105 gold pieces
 27246 | Snake:1  | Bought a scroll of brand weapon for 133 gold pieces
 27246 | Snake:1  | Bought a scroll of silence for 133 gold pieces
 28119 | Snake:3  | Learned a level 3 spell: Summon Guardian Golem
 28154 | Snake:3  | Noticed Vashnia
 28271 | Snake:3  | Killed Vashnia
 28272 | Snake:3  | Reached XP level 17. HP: 35/93 MP: 1/32
 28766 | Snake:3  | Found Weridew's Book Shop.
 28778 | Snake:3  | Bought a book of the Hunter for 416 gold pieces
 28782 | Snake:3  | Learned a level 3 spell: Portal Projectile
 28783 | Snake:3  | Found Sevizout's Distillery.
 28789 | Snake:3  | Bought 2 potions of heal wounds for 120 gold pieces
 28789 | Snake:3  | Bought a potion of lignification for 36 gold pieces
 28789 | Snake:3  | Bought a potion of heal wounds for 60 gold pieces
 28789 | Snake:3  | Bought a potion of heal wounds for 60 gold pieces
 28789 | Snake:3  | Bought a potion of heal wounds for 60 gold pieces
 28790 | Snake:3  | Found Nivokku's Book Shop.
 28798 | Snake:3  | Found Oguyh's Antique Armour Shop.
 28801 | Snake:3  | Bought a pair of masterwork gloves for 389 gold pieces
 28801 | Snake:3  | Identified the +0 pair of gloves "Goleaz" {-Tele MP+9 Dex+8
                  | Slay-3} (You bought it in a shop on level 3 of the Snake
                  | Pit)
 28801 | Snake:3  | Bought an embroidered robe for 151 gold pieces
 28801 | Snake:3  | Bought a translucent leather armour for 287 gold pieces
 28801 | Snake:3  | Identified the +0 leather armour of Puenti {Dex+2} (You
                  | bought it in a shop on level 3 of the Snake Pit)
 29146 | Snake:3  | Noticed Agnes
 29154 | Snake:3  | Killed Agnes
 29457 | Snake:3  | Noticed Aizul
 29476 | Snake:3  | Killed Aizul
 29815 | Snake:4  | Entered Level 4 of the Snake Pit
 29846 | Snake:4  | Found a flickering gateway to a bazaar.
 29852 | Bazaar   | Entered a bazaar
 29866 | Bazaar   | Found Diyraciwk's Magic Scroll Shoppe.
 29874 | Bazaar   | Found Ussiqa's Book Shoppe.
 29888 | Bazaar   | Found Acluam's Antique Weapon Boutique.
 29907 | Bazaar   | Found Batweoci's Antique Armour Emporium.
 29915 | Bazaar   | Found Taibyahu's General Store.
 29920 | Bazaar   | Bought a scroll of enchant weapon for 105 gold pieces
 29995 | Bazaar   | Bought a scroll of acquirement for 572 gold pieces
 29995 | Bazaar   | Bought a scroll of enchant weapon for 82 gold pieces
 29996 | Bazaar   | Acquired the +0 buckler of the Slightly Bent {rF++ Slay+6}
 30030 | Bazaar   | Bought a pair of embroidered gloves for 150 gold pieces
 30049 | Bazaar   | Bought a potion of curing for 42 gold pieces
 30049 | Bazaar   | Bought a potion of curing for 42 gold pieces
 30119 | Snake:4  | Identified the +6 mace "Tugorph" {elec, Contam rPois Dex+4}
 31214 | Snake:4  | Reached skill level 15 in Ice Magic
 31216 | Snake:4  | Noticed a quicksilver dragon
 31224 | Snake:4  | Killed a quicksilver dragon
 31224 | Snake:4  | Noticed a quicksilver dragon
 31235 | Snake:4  | Killed a quicksilver dragon
 31632 | Snake:4  | Reached skill level 10 in Evocations
 31707 | Snake:4  | Got a serpentine rune of Zot
 32059 | Snake:2  | Bought a phantom mirror for 1520 gold pieces
 32186 | Shoals:1 | Entered Level 1 of the Shoals
 32267 | Shoals:1 | Found a runed translucent door.
 32449 | Shoals:1 | Reached XP level 18. HP: 108/108 MP: 35/35
 32499 | Shoals:1 | Noticed a kraken
 32618 | Shoals:1 | Killed a kraken
 33034 | Shoals:1 | Noticed Kirke
 33043 | Shoals:1 | Killed Kirke
 33258 | Shoals:1 | Noticed a kraken
 33480 | Shoals:1 | Slain by a kraken

Illustrated notes

Levels and vault maps discovered:
D:1:      giann_forest_graveyard, layout_rooms, nicolae_shop_unique_rings
D:2:      layout_loops_ring
D:3:      layout_basic, mainiacjoe_overflow_alcove_2,
          mainiacjoe_overflow_24_doors, old_standard_altar, serial_shops,
          nicolae_shop_hallway_stairs, uniq_sigmund
D:4:      layout_basic, kennysheep_mini_moat, cheibrodos_worm_habitat,
          minivault_24
D:5:      minmay_evil_eye, layout_basic, minmay_chambers_of_fives, uniq_grinder,
          uniq_crazy_yiuf_cottage
D:6:      layout_loops_ring
D:7:      layout_basic, mainiacjoe_overflow_surrounded_room,
          mainiacjoe_overflow_brackets, lemuel_crystal_altar,
          minmay_temple_entry_tees, serial_shops, nicolae_shop_hallway_plus,
          enter_bailey_4, uniq_joseph
D:8:      layout_gridville, mainiacjoe_overflow_tiny_flanked,
          grunt_temple_overflow_open, nicolae_ossuary_entry_giza,
          ebering_ghost_reflecting_pool, dreamdust_wishing_well,
          uniq_prince_ribbit1
D:9:      layout_roguey, mainiacjoe_overflow_paths,
          nicolae_elyvilon_temple_path, kennysheep_orc_monster_closet_entryway
D:10:     layout_basic, grunt_dithmenos_shadows, old_standard_altar,
          kennysheep_mini, the_hattery
D:11:     minmay_the_grid_square_5x5_5x5_mashed
          [minmay_the_grid_square_5x5_comb, minmay_the_grid_square_5x5_plus,
          minmay_the_grid_square_5x5_hollow_slash,
          minmay_the_grid_square_5x5_seven,
          minmay_the_grid_square_5x5_half_checkered,
          minmay_the_grid_square_5x5_shrine2,
          minmay_the_grid_square_5x5_prize_pseudospiral,
          minmay_the_grid_square_5x5_one_wall,
          minmay_the_grid_square_5x5_prize_deathbox,
          minmay_the_grid_square_5x5_n, minmay_the_grid_square_5x5_tetrominoes,
          minmay_the_grid_square_5x5_bite,
          minmay_the_grid_square_5x5_prize_itemx,
          minmay_the_grid_square_5x5_forky, minmay_the_grid_square_5x5_tie,
          minmay_the_grid_square_5x5_inner_z,
          minmay_the_grid_square_5x5_prize_gold,
          minmay_the_grid_square_5x5_inset,
          minmay_the_grid_square_5x5_prize_waves,
          minmay_the_grid_square_5x5_tri_point,
          minmay_the_grid_square_5x5_fat_x, minmay_the_grid_square_5x5_spiral,
          minmay_the_grid_square_5x5_inner_v,
          minmay_the_grid_square_5x5_pentomino_r,
          minmay_the_grid_square_5x5_checkered_statues], layout_loops_corners,
          uniq_grum
Temple:   nicolae_temple_bog_church
Lair:1:   layout_roguey, uniq_fannar
Lair:2:   layout_roguey, minmay_shoals_entry_beasts,
          guppyfry_snake_entry_garden, beast_lair_carwin_8
Lair:3:   layout_cave_pods, beast_lair_carwin_2, infiniplex_staircase_pool_2
Lair:4:   layout_cellular_growth, minmay_slime_entry_oklob_enclosed,
          nicolae_volcano_entry_lava_flow, st_stairs_7, minmay_holes,
          grunt_megastairs_5, lemuel_fruit_tree
Lair:5:   evilmike_catoblepas_cave, layout_layer_cave,
          portal_ice_cave_entry_animals_and_master,
          grunt_forest_large_clearing_hut, serial_bayou_shore_a
Shoals:1: nicolae_shoals_offshore_bank_account, layout_shoals,
          nicolae_shoals_lost_giant_amphitheater, uniq_kirke
Snake:1:  nicolae_snake_attic_fulla_snakes, layout_gridlike
Snake:2:  layout_grid_maze, serial_shops, nicolae_take_the_stairs,
          nicolae_shop_gadgets
Snake:3:  layout_misc_corridors, grunt_ministairs_14, minmay_shop_grid_forest,
          nicolae_triple_integral, grunt_megastairs_4, uniq_vashnia, uniq_aizul,
          uniq_agnes
Snake:4:  hellmonk_snake_rune_quicksilver_temple, layout_rooms, serial_shops,
          bzr_entry_gold
Orc:1:    layout_caves, uniq_gastronok
Orc:2:    kennysheep_orc_mage_school, layout_diamond_mine

Skill      XL: |  1  2  3  4  5  6  7  8  9 10 11 12 13 14 15 16 17 18 |
---------------+-------------------------------------------------------+-----
Stealth        | 2 3 5 |  5.0
Fighting       | 4 5 7 8 10 11 | 11.7
Ranged Weapons | 6 8 10 13 14 16 | 16.0
Dodging        | 3 4 6 10 14 | 14.0
Spellcasting   | 6 7 10 11 13 | 13.0
Ice Magic      | 4 5 7 10 11 12 14 15 | 15.0
Evocations     | 4 7 10 | 10.0
Hexes          | 7 10 12 13 | 13.0

Action                   |  1- 3 |  4- 6 |  7- 9 | 10-12 | 13-15 | 16-18 || total
-------------------------+-------+-------+-------+-------+-------+-------++-------
 Fire: Shortbow          |    64 |   110 |   432 |   713 |  1359 |   926 ||  3604
 Cast: Frozen Ramparts   |       |       |       |    10 |    10 |    16 ||    36
       Hailstorm         |       |       |       |       |     1 |       ||     1
       Metabolic Englaci |       |       |       |       |       |    28 ||    28
       Ozocubu's Armour  |       |       |       |       |       |     4 ||     4
       Summon Guardian G |       |       |       |       |       |     8 ||     8
       Portal Projectile |       |       |       |       |       |     8 ||     8
Invok: Call Merchant     |       |       |       |       |       |     2 ||     2
  Use: Scroll            |     2 |    10 |     6 |     9 |    10 |     6 ||    43
       Potion            |       |     1 |       |       |     3 |     5 ||     9
Armor: Leather armour    |     6 |    28 |    38 |    10 |    38 |       ||   120
       Scale mail        |       |       |       |    36 |    54 |       ||    90
       Robe              |       |       |       |    45 |    17 |    32 ||    94
Dodge: Dodged            |    21 |    80 |   240 |   420 |   913 |   614 ||  2288

Table legend: (Time is in decaauts)
 A = Elapsed time spent in this place.
 B = Non-inter-level travel time spent in this place.
 C = Inter-level travel time spent in this place.
 D = Time resting spent in this place.
 E = Time spent auto-exploring this place.
 F = Levels seen in this place.
 G = Mean time per level.
                   A        B        C        D        E       F      G
               +--------+--------+--------+--------+--------+-----+--------+
         Total |  32887 |  30677 |   2210 |   4382 |  20681 |  29 | 1134.0 |
       Dungeon |  14340 |  13181 |   1159 |   2196 |   8883 |  11 | 1303.6 |
        Temple |    298 |    267 |     31 |      0 |    259 |   1 |  298.0 |
          Lair |   5682 |   5393 |    289 |    293 |   4188 |   5 | 1136.4 |
        Shoals |   1236 |   1236 |      0 |    164 |    841 |   1 | 1236.0 |
     Snake Pit |   7386 |   6744 |    642 |   1703 |   3951 |   4 | 1846.5 |
  Orcish Mines |   1652 |   1565 |     87 |      0 |   1212 |   2 |  826.0 |
        Bazaar |    203 |    203 |      0 |      0 |    125 |   1 |  203.0 |
       Ossuary |    352 |    352 |      0 |      8 |    176 |   1 |  352.0 |
        Bailey |    660 |    660 |      0 |      0 |    438 |   1 |  660.0 |
      Ice Cave |    755 |    755 |      0 |      8 |    448 |   1 |  755.0 |
       Volcano |    318 |    318 |      0 |      9 |    159 |   1 |  318.0 |
               +--------+--------+--------+--------+--------+-----+--------+

Top non-repeatable levels by time:
    D:11: 2253 daAuts
 Snake:3: 2128 daAuts
    D:10: 2121 daAuts
 Snake:2: 2051 daAuts
 Snake:4: 1755 daAuts
 Snake:1: 1450 daAuts
     D:5: 1409 daAuts
     D:9: 1378 daAuts
  Lair:5: 1358 daAuts
  Lair:3: 1343 daAuts
     D:3: 1339 daAuts
Shoals:1: 1236 daAuts
     D:4: 1199 daAuts
   Orc:2: 1088 daAuts
  Lair:4: 1087 daAuts
